Map: Romanticide LE

Players

MalaMaku - Winner!

  • Race: Zerg Zerg
  • League: Master

EvolvE

  • Race: Terran Terran
  • League: Master

VOD

Have the link to the VOD?

Description

Time

  • Played on: Aug. 2, 2021, 2:39 p.m.
  • Length: 22:31
Show
View Real Time Build Order
Export as new Build Order

MalaMaku Zerg - Winner!

Build Orders: Pool First 

Get SALT Encoding   

  12  0:01  Drone  
  13  0:09  Drone  
  14  0:17  Extractor  
  14  0:20  Drone  
  14  0:34  Spawning Pool  
  13  0:36  Drone  
  14  0:43  Overlord  
  14  0:54  Drone, Extractor  
  15  1:03  Drone x2  
  17  1:21  Metabolic Boost, Zergling x4  
  19  1:30  Zergling x2  
  20  1:45  Hatchery  
  19  1:51  Queen  
  21  1:57  Drone  
  21  2:00  Overlord  
  22  2:20  Zergling x4  
  24  2:26  Queen, Zergling x2  
  27  2:34  Overlord  
  27  2:45  Drone  
  28  3:05  Drone x4  
  29  3:06  Drone  
  29  3:12  Drone  
  30  3:17  Drone  
  30  3:18  Hatchery  
  30  3:21  Drone  
  30  3:27  Drone  
  31  3:30  Drone  
  32  3:36  Drone  
  32  3:40  Queen  
  35  3:41  Drone  
  36  3:48  Drone x2  
  36  3:49  Drone x4  
  36  3:53  Overlord  
  36  3:54  Overlord  
  42  4:06  Queen  
  44  4:13  Drone x3  
  44  4:15  Drone x2  
  49  4:19  Drone x2  
  49  4:21  Queen  
  53  4:25  Drone x3  
  53  4:29  Overlord  
  56  4:32  Drone  
  56  4:34  Evolution Chamber  
  56  4:38  Drone  
  57  4:39  Overlord  
  57  4:49  Drone x3  
  57  4:50  Queen, Drone x3  
  65  5:01  Overlord  
  65  5:05  Spore Crawler x2  
  63  5:08  Hatchery, Spore Crawler  
  63  5:13  Zergling x2  
  63  5:14  Zergling x10  
  66  5:19  Drone x4  
  71  5:25  Queen  
  73  5:29  Overlord  
  73  5:34  Lair  
  73  5:39  Hatchery  
  73  5:41  Zergling x4  
  74  5:51  Spore Crawler  
  74  5:52  Overlord x2  
  74  5:53  Drone x2  
  74  5:54  Zerg Ground Armor Level 1  
  75  6:00  Zergling x14  
  82  6:10  Drone x4  
  82  6:11  Drone x3  
  89  6:17  Drone x2  
  89  6:18  Hatchery, Zergling x4  
  93  6:19  Zergling x2  
  92  6:28  Zergling x8  
  96  6:34  Overseer  
  96  6:35  Overlord x4  
  96  6:46  Zergling x14  
  103  7:00  Overseer  
  103  7:02  Zergling x20  
  103  7:06  Overlord  
  113  7:10  Zergling x2  
  113  7:13  Zergling x6  
  113  7:14  Zergling x10, Baneling Nest  
  119  7:26  Zergling x12  
  122  7:35  Pneumatized Carapace  
  122  7:37  Zergling x4  
  122  7:38  Zergling x6  
  116  7:48  Zergling x14  
  106  7:54  Zergling x2  
  106  7:55  Zergling x4  
  103  8:01  Zergling x6  
  106  8:07  Drone x3  
  109  8:13  Baneling Nest  
  109  8:14  Extractor  
  109  8:15  Extractor  
  109  8:17  Hatchery  
  109  8:19  Overseer  
  100  8:24  Drone x4  
  100  8:25  Drone x3  
  94  8:33  Drone x5  
  99  8:41  Drone x4  
  102  8:44  Extractor x2  
  101  8:48  Zerg Melee Weapons Level 1  
  101  8:52  Zergling x10  
  101  8:54  Extractor  
  101  8:55  Extractor  
  104  8:58  Baneling x5  
  104  9:01  Drone  
  104  9:02  Drone x2  
  107  9:04  Hatchery  
  106  9:11  Drone x8  
  106  9:15  Centrifical Hooks  
  114  9:17  Baneling  
  114  9:21  Spore Crawler  
  112  9:36  Drone x5  
  112  9:37  Drone  
  112  9:38  Baneling x9  
  118  9:40  Zergling x24  
  118  9:42  Overlord  
  130  9:47  Overlord  
  130  9:48  Extractor  
  129  9:55  Evolution Chamber, Zergling x12  
  129  9:59  Queen x3, Spore Crawler  
  135  10:02  Zergling x8  
  143  10:07  Drone  
  143  10:08  Drone x3  
  147  10:20  Zergling x18  
  155  10:27  Zergling x8  
  148  10:42  Overseer  
  148  10:44  Queen x2  
  148  10:45  Zergling x12  
  148  10:46  Zergling x16  
  166  10:52  Baneling x12  
  166  10:53  Baneling x9  
  166  10:54  Zerg Ground Armor Level 2, Zerg Melee Weapons Level 2  
  166  10:59  Infestation Pit  
  166  11:00  Extractor, Drone x5  
  166  11:01  Drone x2  
  166  11:02  Overlord x5  
  171  11:06  Spine Crawler x2  
  169  11:13  Zergling x16  
  140  11:35  Zergling x40  
  149  11:50  Drone x7, Extractor  
  149  11:51  Extractor, Drone x2  
  155  11:59  Overseer x2  
  155  12:00  Overseer  
  152  12:03  Drone x3  
  152  12:04  Drone x3  
  152  12:06  Hive  
  143  12:18  Zergling x26  
  143  12:22  Baneling x7  
  141  12:23  Baneling x13  
  136  12:31  Queen x2  
  136  12:32  Queen  
  136  12:35  Zergling x24  
  140  12:47  Zergling x18  
  140  12:48  Queen x2  
  153  12:57  Zergling x18  
  157  13:08  Zergling x14  
  164  13:15  Baneling x9  
  164  13:16  Baneling x29  
  164  13:18  Zergling x14  
  171  13:22  Drone  
  171  13:25  Zerg Ground Armor Level 3, Zerg Melee Weapons Level 3  
  171  13:26  Adrenal Glands  
  171  13:27  Ultralisk Cavern  
  170  13:37  Spire  
  167  13:57  Hatchery  
  167  14:02  Zergling x32  
  178  14:03  Zergling x16  
  143  14:14  Chitinous Plating  
  143  14:16  Ultralisk x2  
  154  14:21  Ultralisk  
  154  14:23  Zergling x6  
  154  14:24  Zergling x2  
  162  14:26  Drone x4  
  162  14:29  Drone x3  
  169  14:34  Spore Crawler  
  169  14:37  Ultralisk  
  174  14:45  Ultralisk x2  
  182  14:55  Ultralisk  
  182  14:57  Corruptor x2  
  182  14:58  Corruptor  
  189  15:18  Overlord  
  189  15:19  Overlord  
  188  15:33  Anabolic Synthesis  
  188  15:35  Ultralisk x2  
  167  16:02  Zergling x22  
  167  16:03  Zergling x30  
  188  16:09  Corruptor x2  
  192  16:13  Baneling  
  192  16:14  Baneling x10  
  192  16:18  Corruptor x5  
  200  16:30  Overseer  
  200  16:31  Greater Spire  
  200  16:36  Overlord  
  200  16:37  Overlord x3  
  195  16:41  Overseer  
  195  16:55  Hatchery  
  195  16:58  Hatchery  
  193  17:09  Baneling x16  
  193  17:10  Baneling x6  
  193  17:11  Zergling x12  
  191  17:29  Zergling x18  
  199  17:34  Zerg Missile Weapons Level 1  
  178  17:51  Drone x3  
  178  17:52  Drone x7  
  178  17:53  Drone x2  
  190  18:03  Brood Lord x3  
  190  18:04  Brood Lord x2  
  200  18:13  Baneling  
  200  18:14  Baneling x18  
  200  18:15  Baneling  
  200  18:24  Spore Crawler, Spine Crawler  
  200  18:25  Spine Crawler  
  197  18:31  Brood Lord  
  146  19:12  Zergling x38  
  146  19:13  Zergling x10  
  147  19:17  Queen x2  
  147  19:20  Queen  
  149  19:30  Baneling  
  151  19:31  Ultralisk x3  
  151  19:32  Ultralisk x4  
  187  19:42  Baneling  
  187  19:43  Baneling x7  
  187  19:47  Drone x2  
  187  19:48  Drone x4  
  164  20:09  Ultralisk x2  
  164  20:11  Hatchery, Zergling x6  
  178  20:15  Drone x3  
  178  20:16  Drone  
  178  20:20  Baneling x3  
  178  20:21  Baneling x2  
  170  20:42  Drone x18  
  188  20:51  Unknown  
  187  21:02  Zergling x14  
  184  21:18  Hatchery  
  184  21:20  Zergling x28  
  178  21:36  Ultralisk  
  190  21:42  Zergling x30  
  190  21:43  Zergling x2  
  200  21:51  Baneling x3  
  200  21:52  Baneling x8  
  200  21:59  Spore Crawler  
Show
View Real Time Build Order
Export as new Build Order

EvolvE Terran 

Build Orders: Reaper Expand 

Get SALT Encoding   

  12  0:00  SCV  
  13  0:12  SCV  
  14  0:17  Supply Depot  
  14  0:24  SCV  
  15  0:39  Barracks, SCV  
  16  0:43  Refinery  
  16  0:51  SCV  
  17  1:03  SCV  
  18  1:15  SCV  
  19  1:26  Reaper  
  19  1:27  Orbital Command  
  20  1:40  Command Center  
  20  1:50  Supply Depot  
  20  1:53  SCV  
  21  1:58  Marine  
  22  2:05  SCV  
  23  2:13  Bunker  
  22  2:16  Marine  
  22  2:17  SCV  
  22  2:22  Factory  
  24  2:29  SCV  
  25  2:36  Barracks Reactor  
  25  2:43  SCV  
  26  2:47  Refinery  
  26  2:52  Orbital Command  
  25  3:06  SCV  
  25  3:12  Marine x2  
  25  3:13  Hellion  
  25  3:16  Starport  
  28  3:24  SCV x2  
  30  3:33  Starport  
  30  3:37  Marine x2  
  30  3:39  Factory Tech Lab  
  30  3:40  SCV  
  33  3:46  SCV  
  34  3:53  SCV  
  35  3:56  Marine x2  
  35  4:02  Siege Tank  
  40  4:04  SCV  
  40  4:06  Viking  
  43  4:15  SCV  
  43  4:16  Supply Depot  
  44  4:17  SCV  
  44  4:24  Marine  
  46  4:30  Supply Depot, Command Center  
  46  4:38  Marine, SCV  
  48  4:47  Factory Tech Lab, SCV  
  48  4:48  Cloaking Field  
  48  4:49  Banshee  
  48  4:51  SCV  
  52  4:54  Supply Depot  
  52  4:58  Supply Depot  
  52  4:59  SCV  
  53  5:03  SCV  
  53  5:05  Barracks  
  54  5:07  Barracks Tech Lab, Barracks  
  54  5:14  SCV  
  55  5:16  Factory Reactor  
  55  5:18  SCV  
  55  5:19  Stimpack  
  56  5:21  Engineering Bay  
  56  5:25  Engineering Bay, Marine  
  57  5:30  SCV  
  57  5:32  SCV  
  57  5:34  Refinery, Banshee  
  62  5:42  SCV  
  63  5:45  SCV  
  63  5:49  Supply Depot  
  64  5:52  Refinery  
  64  5:54  Marine x2, SCV  
  67  5:58  Orbital Command  
  67  6:00  SCV  
  68  6:04  Marine  
  68  6:06  Factory Reactor, SCV  
  68  6:10  Marine x2  
  72  6:12  Terran Infantry Weapons Level 1, SCV  
  72  6:13  Terran Infantry Armor Level 1  
  72  6:17  Marine  
  72  6:19  Orbital Command, SCV  
  73  6:27  Barracks x2, SCV  
  73  6:29  Marine  
  75  6:33  Marine x3  
  75  6:34  SCV  
  75  6:39  SCV  
  80  6:46  Marine  
  83  6:47  Marine  
  83  6:51  Supply Depot x2, Bunker, Marine, SCV  
  82  6:56  SCV  
  82  7:00  Factory Reactor  
  83  7:03  Marine, SCV  
  83  7:04  Medivac x2  
  89  7:09  SCV  
  89  7:12  SCV  
  89  7:14  Armory  
  89  7:15  Marine x2, SCV  
  93  7:16  Barracks Reactor  
  93  7:17  Marauder  
  93  7:25  Marine  
  93  7:29  Bunker  
  94  7:36  Marine x3  
  97  7:37  Medivac x2  
  93  7:50  Marine x3  
  83  7:54  Marine  
  74  7:59  Marine  
  74  8:01  Marine  
  74  8:04  Marine x2  
  74  8:05  Widow Mine x2  
  78  8:06  SCV  
  78  8:07  SCV  
  78  8:08  Terran Infantry Armor Level 2, Marine, Terran Infantry Weapons Level 2  
  78  8:09  Marine x2  
  78  8:11  Orbital Command  
  85  8:13  Liberator  
  83  8:28  Marine x4  
  83  8:29  SCV, Widow Mine x2  
  91  8:41  Marine x2, SCV  
  92  8:44  SCV  
  92  8:46  SCV  
  96  8:49  Supply Depot  
  96  8:51  Supply Depot  
  96  8:53  SCV  
  96  8:54  Combat Shield  
  96  8:55  Marine x2  
  99  9:02  Supply Depot x2  
  99  9:04  Supply Depot  
  99  9:07  SCV  
  100  9:10  Liberator  
  100  9:12  Marine  
  100  9:14  Bunker, Marine x2  
  100  9:15  Widow Mine x2  
  100  9:16  SCV  
  111  9:21  Marine x2  
  111  9:22  Marine  
  114  9:25  Marine x2  
  114  9:29  Supply Depot, SCV x2  
  118  9:32  Command Center  
  118  9:33  SCV  
  118  9:34  Marine x2  
  118  9:35  Factory, Marine  
  122  9:39  Marine x2  
  122  9:40  Marine  
  122  9:41  Widow Mine x2, SCV  
  122  9:44  SCV  
  122  9:45  SCV  
  129  9:47  Refinery  
  129  9:48  Refinery  
  129  9:50  Supply Depot x2  
  129  9:51  Marine  
  129  9:52  Marine x2  
  132  9:53  SCV  
  132  9:59  Ghost Academy  
  133  10:02  Marine x2  
  133  10:03  Marine  
  133  10:04  Widow Mine x2  
  133  10:06  SCV  
  141  10:10  SCV  
  142  10:16  Marine x2  
  142  10:21  Factory Tech Lab  
  144  10:22  Barracks  
  144  10:23  Marine x3  
  144  10:24  Barracks x2, Marauder, Marine x2  
  144  10:27  Supply Depot  
  150  10:39  Marine x2  
  150  10:40  Thor, Widow Mine x2  
  150  10:41  Marine, SCV  
  164  10:44  Supply Depot x2  
  164  10:51  Marine x2  
  164  10:52  Medivac x2  
  164  10:54  SCV  
  164  10:55  SCV  
  172  10:58  Terran Infantry Weapons Level 3  
  172  11:10  Marine x4  
  176  11:11  Widow Mine x2  
  176  11:14  Barracks Tech Lab x3  
  162  11:34  Ghost x4, Marine x4  
  162  11:35  Ghost  
  168  11:48  Marine  
  168  11:49  Marine  
  168  11:50  Siege Tank, Widow Mine x2  
  168  11:54  Marine x3  
  175  11:56  SCV  
  175  11:58  Planetary Fortress  
  175  12:00  SCV  
  172  12:03  Ghost x2, Marine x2  
  172  12:05  Marauder  
  172  12:06  Marine x2  
  172  12:08  SCV  
  170  12:17  Marine  
  156  12:42  Marine  
  156  12:43  Marine x5  
  156  12:44  Marauder x4  
  156  12:45  Marine  
  156  12:47  Widow Mine x2  
  156  12:49  Siege Tank  
  168  12:51  Medivac x2  
  168  12:52  SCV x2  
  168  12:53  SCV x2  
  168  12:55  Command Center  
  173  13:00  Marine x3  
  173  13:01  Marine x3  
  173  13:04  Marine  
  173  13:05  Marine x3  
  181  13:06  Marine  
  181  13:07  SCV  
  181  13:10  Terran Infantry Armor Level 3, SCV  
  181  13:12  Command Center  
  186  13:18  Marine  
  186  13:19  Marine  
  187  13:20  Marine x3  
  187  13:24  Marine x4  
  187  13:25  Marauder, Widow Mine  
  191  13:35  Hi-Sec Auto Tracking  
  191  13:37  Marine x3  
  191  13:38  Siege Tank  
  191  13:39  Widow Mine  
  194  13:42  SCV  
  194  13:45  Command Center  
  195  13:52  Marine  
  196  13:57  Marine x3  
  196  13:58  Marine  
  200  14:09  Marine  
  167  14:10  Marine x4  
  167  14:11  Widow Mine  
  167  14:12  Marine  
  167  14:13  Thor  
  179  14:20  Marine x4  
  179  14:21  Marauder  
  176  14:27  Marine x2  
  176  14:28  Orbital Command, Marauder  
  176  14:29  Marine x2  
  176  14:30  Marine  
  183  14:32  Personal Cloaking  
  183  14:38  Marine x3  
  184  14:40  Command Center  
  184  14:42  Marine x2  
  184  14:45  Marine x2, Widow Mine x2  
  192  14:47  Marine x2  
  193  14:54  Marine x2  
  193  14:56  Marine x2  
  197  15:00  Marine x2  
  197  15:03  Marine  
  197  15:05  Orbital Command  
  200  15:33  Ghost x2  
  200  15:34  Ghost, Marine  
  159  15:57  Marine x4, Nuke  
  159  15:58  Marauder  
  159  15:59  Marine x2  
  159  16:00  Marauder  
  159  16:02  Marine  
  132  16:07  Marine x2  
  132  16:09  Widow Mine x3  
  138  16:15  Marine  
  138  16:18  Ghost, Marine  
  138  16:20  Ghost  
  138  16:21  Marauder  
  138  16:22  Marine x3  
  144  16:25  Marauder  
  144  16:29  Ghost  
  144  16:31  Widow Mine x2  
  150  16:36  Marine  
  150  16:37  Marine x2  
  150  16:38  Thor  
  163  16:40  Medivac, Marine  
  163  16:42  Ghost  
  163  16:46  Ghost  
  166  16:48  Marine x2, Marauder  
  166  16:49  Marauder  
  166  16:51  SCV  
  173  16:54  Marine  
  173  16:58  Ghost, Marine x2  
  178  17:06  Marine  
  178  17:07  Marine x2  
  177  17:08  Ghost  
  177  17:10  Marine  
  177  17:12  Marine  
  177  17:14  Widow Mine x2  
  185  17:20  Planetary Fortress  
  185  17:21  Missile Turret, SCV x2  
  187  17:24  Marauder  
  187  17:28  Planetary Fortress  
  183  17:30  SCV x2  
  183  17:33  SCV  
  186  17:39  Ghost  
  188  17:46  Sensor Tower  
  188  17:49  Sensor Tower  
  188  17:50  Medivac  
  188  17:51  Medivac  
  190  17:59  Thor  
  190  18:00  Ghost, SCV  
  190  18:02  Refinery x2  
  190  18:04  Orbital Command, SCV  
  200  18:12  Missile Turret  
  200  18:14  Missile Turret  
  193  19:09  Marine x4  
  133  19:10  Marauder  
  110  19:18  Marine x4  
  110  19:19  Marauder  
  104  19:26  Marine  
  104  19:27  Marine x3, Widow Mine x2  
  105  19:31  Marauder  
  105  19:33  Marine  
  105  19:36  Marauder, Marine x3  
  113  19:40  Marine  
  113  19:44  Marine  
  113  19:45  Marine x3  
  114  19:51  Marine  
  112  19:53  Marine, Marauder  
  112  19:54  Marauder, Marine, Widow Mine x2  
  112  19:57  Marine x2  
  112  19:59  SCV  
  125  20:00  SCV x2  
  125  20:02  Marine, Marauder  
  125  20:03  Marine x2  
  123  20:08  Marine  
  123  20:11  Marine  
  123  20:12  SCV x3  
  123  20:14  Marauder  
  123  20:16  Marauder x2  
  124  20:24  SCV x2  
  124  20:25  Marine x3  
  124  20:26  Marine, Marauder  
  124  20:28  SCV  
  132  20:35  Marine  
  131  20:36  Orbital Command  
  131  20:42  SCV  
  128  21:17  Orbital Command  
  124  21:24  Ghost, Marine x2  
  108  21:34  Marine  
  109  21:52  Marine  
  58  22:16  SCV  
Tags
 
Add a new tag
Caveats
  • Supply blocks, unpowered buildings, or Contaminate may cause inaccurate times.
  • Supply counts are checked every 10 seconds.